AoeStats
← AloneArcher

Arena

508525518Analyzed
1v1 RM · 11d ago on Sep 22, 2026· 48m 3s· 2 players
Game mode
Random Map
Map size
Tiny (2 player)
Population
200
Speed
Normal
Resources
Standard
Victory
Conquest
Starting age
Dark Age
Ending age
Imperial Age
RankedLock teamsTeams togetherTeam positionsShared explorationLock speedFull tech treeHidden civsTurbo modeCheats
Victory
Defeat
🇹🇷 Turks · Türkiye
676
+14
🇦🇷 Sicilians · Argentina
636
-14
tim
2:12 Loom
AloneArcher
10:06 Loom
12:29 Feudal Age
13:25 Man-at-Arms
37:15 Horse Collar
44:31 Castle Age
43:04 Gold Mining
43:48 Stone Mining
Connection lost

Rejoining the realm…

Still unreachable

The connection could not be restored.

Session expired

The server has moved on; the page needs a fresh start.